 Dungeon Crawl Stone Soup version 0.30.0-29-ga12c61a403 (webtiles) character file.

Game seed: 16481251253242067778

256 H0rd4k the Charlatan (level 6, 0/66 HPs)
             Began as a Human Artificer on June 14, 2023.
             Succumbed to a scorpion's poison
             ... on level 4 of the Dungeon.
             The game lasted 00:01:50 (1154 turns).

H0rd4k the Charlatan (Human Artificer)              Turns: 1154, Time: 00:01:50

Health: 0/66       AC: 23    Str: 12    XL:     6   Next: 39%
Magic:  6/6        EV:  2    Int: 13    God:
Gold:   57         SH:  0    Dex: 14    Spells: 5/5 levels left

rFire   . . .        j - +0 mace
rCold   . . .        (no shield)
rNeg    . . .        b - melded +0 leather armour
rPois   +            (helmet currently unavailable)
rElec   .            (cloak currently unavailable)
rCorr   .            k - melded +0 pair of gloves {Stlth+}
SInv    .            (boots currently unavailable)
Will    .....        (no amulet)
Stlth   ++           (no ring)
HPRegen 0.31/turn    (no ring)
MPRegen 0.10/turn

%: no passive effects
@: mighty, lethally poisoned (0 -> -2), tree-form
A: stationary, stasis, torment immunity, boosted hp
a: no special abilities


You were on level 4 of the Dungeon.
You were a tree.
You visited 1 branch of the dungeon, and saw 4 of its levels.

You collected 57 gold pieces.

Inventory:

Hand Weapons
 j - a +0 mace (weapon)
Armour
 b - a +0 leather armour (melded)
 k - a +0 pair of gloves of stealth (melded)
Wands
 d - a wand of charming (12)
 e - a wand of iceblast (5)
Scrolls
 a - a scroll of fear {unknown}
 f - a scroll of poison {unknown}
 g - 2 scrolls of identify {unknown}
 i - a scroll of amnesia {unknown}
 l - a scroll of silence {unknown}
 o - a scroll of noise {unknown}
Potions
 h - a potion of magic {unknown}
 m - a potion of might
 n - a potion of lignification


   Skills:
 + Level 2.1 Fighting
 + Level 3.5 Maces & Flails
 - Level 2.0 Armour
 + Level 2.5 Dodging
 + Level 2.1 Stealth
 + Level 3.9 Evocations


You had 5 spell levels left.
You didn't know any spells.
Your spell library contained the following spells:

 Spells                   Type           Power      Damage    Failure   Level
 Apportation              Tloc           0%         N/A       30%         1


Dungeon Overview and Level Annotations

Branches:
Dungeon (3/15)             Temple (0/1) D:4

Altars:


Message History

Your adder bites the scorpion but does no damage.
You strike the helpless scorpion from behind!
You hit the scorpion.
The scorpion is severely wounded.
You feel sick.
The adder is no longer charmed.
The scorpion stings you.
You are more poisoned.
The scorpion poisons you! The adder bites you. The scorpion stings you.
You hit the scorpion.
You kill the scorpion!
* * * LOW HITPOINT WARNING * * *
You feel very sick. The adder bites you.
* * * LOW HITPOINT WARNING * * *
The adder bites you but does no damage.
Your Stealth skill increases to level 2!
Found 17 gold pieces.
* * * LOW HITPOINT WARNING * * *
You feel very sick. The adder closely misses you.
You see here a scorpion corpse.
* * * LOW HITPOINT WARNING * * *
You feel sick. The adder bites you but does no damage.
Found a ball python corpse.
* * * LOW HITPOINT WARNING * * *
You feel sick. The adder bites you but does no damage.
* * * LOW HITPOINT WARNING * * *
You feel sick.
It was a potion of might.
You feel very mighty all of a sudden.
* * * LOW HITPOINT WARNING * * *
You feel sick. The adder misses you.
It was a potion of lignification.
You turn into a tree.
Your +0 pair of gloves of stealth melds into your body.
Your +0 leather armour melds into your body.
You feel less stealthy.
Your roots penetrate the ground.
* * * LOW HITPOINT WARNING * * *
You feel sick.
The adder bites you but does no damage. x2
You closely miss the adder.
The adder is moderately wounded.
You die...

........
.#$.....##......#.....
........#.......#.#...
....#..........###...
...##..........####. #
#..##...)....###### ##.
#..##.......##....
.##...##..........#.....
....>..♣S.†....$........
.##...##....#.......)...
##. #..##.##.......... #
#..##....#........†
...##...............
.... ................
....†S.........#†.....
.##....?.......#......
#.....#.........


You could see an adder.

Vanquished Creatures
  An ogre (D:4)
  A phantom (D:4)
  A scorpion (D:4)
  An adder (D:4)
  A dart slug (D:1)
  An endoplasm (D:1)
  3 giant cockroaches
  6 goblins (D:1)
  3 hobgoblins
  2 quokkas
  3 ball pythons
  2 frilled lizards
  2 kobolds (D:1)
27 creatures vanquished.

Vanquished Creatures (collateral kills)
  A ball python (D:4)
1 creature vanquished.

Vanquished Creatures (others)
  An adder (D:4)
1 creature vanquished.

Grand Total: 29 creatures vanquished

Notes
Turn   | Place    | Note
-------+----------+-------------------------------------------
     0 | D:1      | H0rd4k the Human Artificer began the quest for the Orb.
     0 | D:1      | Reached XP level 1. HP: 15/15 MP: 1/1
   196 | D:1      | Reached XP level 2. HP: 18/21 MP: 2/2
   278 | D:1      | Found a faded altar of an unknown god.
   295 | D:1      | Got Plato's Lessons on Direction
   752 | D:1      | Reached XP level 3. HP: 20/26 MP: 3/3
   795 | D:1      | Reached skill level 1 in Maces & Flails
   892 | D:3      | You fall into a shaft and drop 1 floor!
   894 | D:4      | Noticed an ogre
   899 | D:4      | Killed an ogre
   900 | D:4      | Reached XP level 4. HP: 20/33 MP: 4/4
   900 | D:4      | Reached XP level 5. HP: 23/38 MP: 5/5
   968 | D:4      | Noticed a phantom
  1057 | D:4      | Killed a phantom
  1058 | D:4      | Reached XP level 6. HP: 32/44 MP: 6/6
  1132 | D:4      | Found a staircase to the Ecumenical Temple.
  1151 | D:4      | HP: 1/44 [poisoned by a scorpion]
  1154 | D:4      | Succumbed to a scorpion's poison

Illustrated notes

Levels and vault maps discovered:
D:1:      matt_arrival_spirals, layout_basic,
          shapermc_ecumenical_altar_rom_forum, minmay_misc_feat_more_columns
D:2:      minmay_wonky_spiral, layout_rooms
D:3:      layout_basic, old_standard_altar, uniq_grinder
D:4:      layout_cave_pools, minmay_temple_entry_waves

Skill      XL: |  1  2  3  4  5  6 |
---------------+-------------------+-----
Maces & Flails | 2 3 |  3.5
Dodging        | 2 |  2.5
Fighting       | 2 |  2.1
Stealth        | 2 |  2.1
Armour         | |  2.0
Evocations     | |  3.9

Action                     |  1- 3 |  4- 6 || total
---------------------------+-------+-------++-------
  Melee: Club              |    33 |       ||    33
         Punch             |     1 |     1 ||     2
         Mace              |    52 |    39 ||    91
  Evoke: Wand              |     5 |    13 ||    18
    Use: Potion            |       |     2 ||     2
   Stab: Sleeping          |     2 |     1 ||     3
         Distracted        |       |     2 ||     2
 Armour: Leather armour    |    27 |    22 ||    49
         Skin              |       |     2 ||     2
  Dodge: Dodged            |    54 |    39 ||    93
